 Dungeon Crawl Stone Soup version 0.31-a0-968-g24f9ace8b5 (webtiles) character file.

Game seed: 15655142936857380483

112 Gladio the Slasher (level 4, 0/30 HPs)
             Began as an Octopode Gladiator on Oct 27, 2023.
             Slain by an orc wizard
             ... wielding a +0 dagger
              (1 damage)
             ... on level 3 of the Dungeon.
             The game lasted 00:02:57 (1418 turns).

Gladio the Slasher (Octopode Gladiator)             Turns: 1418, Time: 00:02:57

Health: 0/30       AC:  1    Str: 13    XL:     4   Next: 95%
Magic:  4/4        EV: 14    Int: 10    God:
Gold:   163        SH:  0    Dex: 15    Spells: 3/3 levels left

rFire   . . .        h - +2 demon blade (venom)
rCold   . . .        (no shield)
rNeg    . . .        b - +0 hat
rPois   .            (no amulet)
rElec   .            i - ring of willpower
rCorr   .            (no ring)
SInv    .            (no ring)
Will    +....        (no ring)
Stlth   ++           (no ring)
HPRegen 0.25/turn    (no ring)
MPRegen 0.09/turn    (no ring)
                     (no ring)

%: no passive effects
@: brilliant
A: almost no armour, amphibious, 8 rings, camouflage 1, gelatinous body 1,
(nimble swimmer 1), tentacles
a: no special abilities


You were on level 3 of the Dungeon.
You visited 1 branch of the dungeon, and saw 3 of its levels.

You collected 163 gold pieces.

Inventory:

Hand Weapons
 a - a +0 long sword
 h - a +2 demon blade of venom (weapon)
Missiles
 c - 3 throwing nets (quivered)
 d - a javelin
 p - 5 poisoned darts
Armour
 b - a +0 hat (worn)
Jewellery
 i - a ring of willpower (left tentacle)
Scrolls
 e - a scroll of noise {unknown}
 g - a scroll of fog {unknown}
 j - a scroll of teleportation {unknown}
 l - a scroll of blinking {unknown}
 o - a scroll of revelation {unknown}
 q - a scroll of vulnerability {unknown}
Potions
 f - a potion of attraction {unknown}
 k - 2 potions of curing {unknown}
 m - a potion of brilliance
 n - a potion of heal wounds {unknown}


   Skills:
 + Level 2.9 Fighting
 * Level 4.4 Long Blades
 - Level 2.0 Throwing
 + Level 3.7 Dodging


You had 3 spell levels left.
You didn't know any spells.
Your spell library contained the following spells:

 Spells                   Type           Power      Damage    Failure   Level
 Ensorcelled Hibernation  Hex/Ice        0%         N/A       50%         2
 Jinxbite                 Hex            0%         N/A       50%         2
 Anguish                  Hex/Necr       0%         N/A       98%         4


Dungeon Overview and Level Annotations

Branches:
Dungeon (3/15)

Altars:
Kikubaaqudgha

Shops:
D:2 =


Innate Abilities, Weirdness & Mutations

You cannot wear most types of armour.
You are amphibious.
You can wear up to eight rings at the same time.
Your skin changes colour to match your surroundings (Stealth+).
Your rubbery body absorbs attacks. (AC +1, EV +1)
((You are camouflaged when in or above water. (Stealth+)))
You have tentacles for arms and can constrict up to eight enemies at once.


Message History

You constrict the dart slug.
You kill the dart slug!
Something hits you.
Found a stone staircase leading up.
The orc completely misses you. Something hits you.
You are too injured to fight recklessly!
You are too injured to fight recklessly!
You are too injured to fight recklessly!
You are too injured to fight recklessly!
You are too injured to fight recklessly!
You are too injured to fight recklessly!
You are too injured to fight recklessly!
You are too injured to fight recklessly!
You are too injured to fight recklessly!
You are too injured to fight recklessly!
You are too injured to fight recklessly!
You are too injured to fight recklessly!
You are too injured to fight recklessly!
You are too injured to fight recklessly!
You hit the orc but do no damage.
The orc is poisoned.
You grab the orc. You constrict the orc. Something hits you.
The orc hits you with a +0 dagger. x2
* * * LOW HITPOINT WARNING * * *
Something hits you.
* * * LOW HITPOINT WARNING * * *
You hit the orc but do no damage.
The orc looks as sick as possible!
The orc is moderately wounded.
You constrict the orc, but do no damage.
You kill the orc!
Something hits you.
* * * LOW HITPOINT WARNING * * *
Unknown command.
Something hits you.
* * * LOW HITPOINT WARNING * * *
Items here: ))) [ †.
Something hits you.
* * * LOW HITPOINT WARNING * * *
It was a potion of brilliance.
You feel clever all of a sudden. Something hits you.
You die...

#######........#
#
........†......#
#
......>.########
# ######..# #
#.$# ##########
##..## #.........
#..).# #.########
#....# #.#
#####..@.# #.#
......)).# #.#
#####....# #)#
.......).######.#
.##......#<..)).#
#...##.#########
#..# ... #.. ...
... ...


There were no monsters in sight!

Vanquished Creatures
  4 adders
  2 worms (D:2)
  2 dart slugs
  8 orcs (D:3)
  4 ball pythons
  3 bats
  4 endoplasms
  2 giant cockroaches
  4 hobgoblins
  A quokka (D:1)
  3 frilled lizards
  6 goblins
  9 kobolds
  8 rats
60 creatures vanquished.

Notes
Turn   | Place    | Note
-------+----------+-------------------------------------------
     0 | D:1      | Gladio the Octopode Gladiator began the quest for the Orb.
     0 | D:1      | Reached XP level 1. HP: 14/14 MP: 1/1
   100 | D:1      | Reached XP level 2. HP: 19/19 MP: 2/2
   327 | D:1      | Reached XP level 3. HP: 25/25 MP: 3/3
   621 | D:2      | Found an ancient bone altar of Kikubaaqudgha.
   855 | D:2      | Reached skill level 4 in Long Blades
   881 | D:2      | Reached XP level 4. HP: 28/30 MP: 4/4
  1192 | D:2      | Found Sudo Kosch's Jewellery Boutique.
  1417 | D:3      | HP: 1/30 [something (3)]
  1418 | D:3      | Slain by an orc wizard

Illustrated notes

Levels and vault maps discovered:
D:1:      zelgadis_glass_arrival_small, layout_rooms, minmay_pentomino_v4
D:2:      layout_basic, serial_shops, shop_coins, basic_altar
D:3:      minmay_chambers_of_twos, layout_basic

Skill      XL: |  1  2  3 |
---------------+----------+-----
Long Blades    | 4 |  4.4
Fighting       | |  2.9
Throwing       | |  2.0
Dodging        | |  3.7

Action                     |  1- 3 |  4- 6 || total
---------------------------+-------+-------++-------
  Melee: Demon blade       |    54 |    38 ||    92
         Long sword        |     3 |       ||     3
         Tentacles         |     8 |     8 ||    16
         Constrict         |    14 |    17 ||    31
    Use: Potion            |       |     1 ||     1
   Stab: Sleeping          |     8 |     2 ||    10
         Distracted        |     1 |       ||     1
 Armour: Skin              |    20 |    23 ||    43
  Dodge: Dodged            |    34 |    14 ||    48

Table legend: (Time is in decaauts)
 A = Elapsed time spent in this place.
 B = Non-inter-level travel time spent in this place.
 C = Inter-level travel time spent in this place.
 D = Time resting spent in this place.
 E = Time spent auto-exploring this place.
 F = Levels seen in this place.
 G = Mean time per level.
                   A        B        C        D        E       F      G
               +--------+--------+--------+--------+--------+-----+--------+
         Total |   1428 |   1377 |     51 |      0 |   1065 |   3 |  476.0 |
       Dungeon |   1428 |   1377 |     51 |      0 |   1065 |   3 |  476.0 |
               +--------+--------+--------+--------+--------+-----+--------+

Top non-repeatable levels by time:
     D:2: 719 daAuts
     D:1: 605 daAuts
     D:3: 103 daAuts
